 Dungeon Crawl Stone Soup version 0.19.1-1-g22dce08 (webtiles) character file.

122266 theAP the Warrior (level 16, -1/119 HPs)
             Began as a Gargoyle Fighter on Jan 19, 2017.
             Was an Initiate of Gozag.
             Slain by a tentacle (12 damage)
             ... attached to a kraken
             ... on level 2 of the Shoals.
             The game lasted 01:07:41 (27603 turns).

theAP the Warrior (Gargoyle Fighter)               Turns: 27603, Time: 01:07:41

Health: -1/119     AC: 40    Str: 23    XL:     16   Next: 87%
Magic:  0/16       EV:  9    Int: 13    God:    Gozag
Gold:   2047       SH:  7    Dex: 14    Spells: 0 memorised, 15 levels left

rFire  x . .     SeeInvis .     v - +3 eveningstar (flame)
rCold  + + .     Gourm    .     E - +5 pearl dragon scales
rNeg   + + +     Faith    .     V - +2 buckler "Gowoter" {Stlth+}
rPois  ∞         Spirit   +     x - +2 hat
rElec  +         Reflect  .     l - +0 cloak
rCorr  .         Harm     .     m - +1 pair of gloves {archery}
MR     +++..                    N - +0 pair of boots
Stlth  ++........               p - amulet of guardian spirit
                                h - ring "Jigaul" {rC+ MR+ Int+2 Dex+3 Stlth+}
                                W - ring of Bonar Moleu {Ice rN++ MR+ Slay+3}

@: flying
A: big wings, mutation resistance 1, negative energy resistance 1, shaggy fur 1,
electricity resistance, unbreathing, petrification resistance, rot immunity, AC
+11
a: Stop Flying, Potion Petition, Call Merchant, Bribe Branch, Renounce Religion


You were on level 2 of the Shoals.
You worshipped Gozag.
Gozag was most pleased with you.
You were not hungry.

You visited 5 branches of the dungeon, and saw 26 of its levels.
You also visited: Sewer.

You collected 9705 gold pieces.
You spent 1770 gold pieces at shops.
You paid 5888 gold pieces to Gozag.

Inventory:

Hand Weapons
 a - a +9 flail of freezing
 v - a +3 eveningstar of flaming (weapon)
Armour
 l - a +0 cloak (worn)
 m - a +1 pair of gloves of archery (worn)
 x - a +2 hat (worn)
 E - +5 pearl dragon scales (worn)
 N - a +0 pair of boots (worn)
 U - the +5 chain mail "Curaorgh" {rF- rN+++ Dex+7}
   (You found it on level 1 of the Lair of Beasts)

   It affects your dexterity (+7).
   It makes you vulnerable to fire.
   It renders you almost immune to negative energy.
 V - the +2 buckler "Gowoter" (worn) {Stlth+}
   (You bought it in a shop on level 8 of the Dungeon)

   It makes you more stealthy.
Jewellery
 h - the ring "Jigaul" (right hand) {rC+ MR+ Int+2 Dex+3 Stlth+}
   (You bought it in a shop on level 2 of the Orcish Mines)

   [ring of protection from magic]

   It affects your intelligence (+2).
   It affects your dexterity (+3).
   It protects you from cold.
   It affects your resistance to hostile enchantments.
   It makes you more stealthy.
 p - an amulet of guardian spirit (around neck)
 q - an uncursed ring of resist corrosion
 r - an uncursed ring of protection from magic
 B - an uncursed amulet of harm
 M - an uncursed amulet of rage
 W - the ring of Bonar Moleu (left hand) {Ice rN++ MR+ Slay+3}
   (You found it on level 2 of the Lair of Beasts)

   [ring of ice]

   It enhances your ice magic.
   It affects your accuracy and damage with ranged weapons and melee attacks
   (+3).
   It makes you vulnerable to fire.
   It protects you from cold.
   It greatly protects you from negative energy.
   It affects your resistance to hostile enchantments.
Wands
 t - a wand of acid (3/15)
 D - a wand of digging (6/24)
 J - a wand of teleportation (8/9)
 O - a wand of paralysis (13/24)
 X - a wand of teleportation (4/9)
 Y - a wand of slowing (25/48)
Scrolls
 i - 7 scrolls of blinking
 j - 2 scrolls of identify
 k - 3 scrolls of magic mapping
 s - 15 scrolls of remove curse
 u - 7 scrolls of teleportation
 y - 3 scrolls of fear
 G - a scroll of amnesia
 T - 2 scrolls of brand weapon
Potions
 b - 2 potions of cure mutation {unknown}
 d - 5 potions of might
 e - 3 potions of resistance
 n - 4 potions of curing
 o - a potion of ambrosia
 z - 2 potions of magic
 A - 4 potions of cancellation
 C - 2 potions of haste
 H - 2 potions of agility
 K - a potion of berserk rage
 P - 4 potions of brilliance
Books
 c - a book of Misfortune

   Spells                             Type                      Level
   a - Confusing Touch                Hexes                        1
   b - Confuse                        Hexes                        3
   c - Gell's Gravitas                Hexes/Translocation          3
   d - Petrify                        Transmutation/Earth          4
   e - Metabolic Englaciation         Hexes/Ice                    5
   f - Yara's Violent Unravelling     Hexes/Transmutation          5
 w - the Reference Book on Curses and the Entourage
   (You found it on level 6 of the Lair of Beasts)

   Spells                             Type                      Level
   a - Confusing Touch                Hexes                        1
   b - Summon Butterflies             Summoning                    1
   c - Recall                         Summoning/Translocation      3
   d - Fulminant Prism                Conjuration/Hexes            4
   e - Summon Mana Viper              Hexes/Summoning              5
   f - Darkness                       Hexes                        6
 F - a book of Air

   Spells                             Type                      Level
   a - Shock                          Conjuration/Air              1
   b - Swiftness                      Charms/Air                   2
   c - Repel Missiles                 Charms/Air                   2
   d - Static Discharge               Conjuration/Air              3
   e - Lightning Bolt                 Conjuration/Air              5
 I - a book of Cantrips

   Spells                             Type                      Level
   a - Confusing Touch                Hexes                        1
   b - Animate Skeleton               Necromancy                   1
   c - Summon Small Mammal            Summoning                    1
   d - Apportation                    Translocation                1
 L - a book of Minor Magic

   Spells                             Type                      Level
   a - Magic Dart                     Conjuration                  1
   b - Blink                          Translocation                2
   c - Call Imp                       Summoning                    2
   d - Repel Missiles                 Charms/Air                   2
   e - Slow                           Hexes                        2
   f - Conjure Flame                  Conjuration/Fire             3
   g - Mephitic Cloud                 Conjuration/Poison/Air       3
 Q - Oroaw's Papyrus of Air and Self-Knowledge
   (You found it on level 10 of the Dungeon)

   Spells                             Type                      Level
   a - Shock                          Conjuration/Air              1
   b - Swiftness                      Charms/Air                   2
   c - Silence                        Hexes/Air                    5
   d - Poisonous Cloud                Conjuration/Poison/Air       6
   e - Freezing Cloud                 Conjuration/Ice/Air          6
 Z - a book of Unlife

   Spells                             Type                      Level
   a - Recall                         Summoning/Translocation      3
   b - Animate Dead                   Necromancy                   4
   c - Control Undead                 Necromancy                   4
   d - Cigotuvi's Embrace             Necromancy                   5
   e - Death Channel                  Necromancy                   6
   f - Simulacrum                     Ice/Necromancy               6
Miscellaneous
 S - a phantom mirror
Comestibles
 f - 13 bread rations
 g - 3 meat rations
 R - a beef jerky


   Skills:
 * Level 20.3 Fighting
 - Level 18.4 Maces & Flails
 - Level 12.0 Armour
 + Level 4.1 Shields


You had 15 spell levels left.
You didn't know any spells.

Dungeon Overview and Level Annotations

Branches:
Dungeon (15/15)            Temple (1/1) D:4            Lair (6/6) D:8
 Shoals (2/4) Lair:2       Spider (0/4) Lair:3        Slime (0/5) Lair:5
    Orc (2/2) D:9             Elf (0/3) Orc:2        Vaults (0/5) D:14
 Depths (0/5) D:15

Altars:
Ashenzari
Cheibriados
Dithmenos
Elyvilon
Fedhas
Gozag
Hepliaklqana
Kikubaaqudgha
Makhleb
Nemelex Xobeh
Okawaru
Qazlal
Ru
Sif Muna
Trog
Uskayaw
Vehumet
Xom
Yredelemnul
Zin
The Shining One
Jiyva

Shops:
D:5 (   D:6 *   D:7 (   D:8 *   D:9 *   D:12 (   D:13 %   Orc:2 *?*(**
Shoals:1 }

Annotations:
Lair:2 exclusion: 2 oklob plants


Innate Abilities, Weirdness & Mutations

You are resistant to torment.
Your stone body is resilient. (AC +11)
You are immune to poison.
Your large and strong wings let you fly indefinitely.
You resist negative energy. (rN+)
You are resistant to electric shocks. (rElec)
You can survive without breathing.
You are immune to petrification.
You are immune to rotting.
You are somewhat resistant to further mutation.
You are covered in fur. (AC +1)


Message History

The tentacle slaps you.
* * * LOW HITPOINT WARNING * * *
The tentacle closely misses you. The tentacle slaps you.
* * * LOW HITPOINT WARNING * * *
The tentacle slaps you but does no damage.
The tentacle slaps you but does no damage.
A tentacle segment bursts forth from the water.
A tentacle rises from the water!
The tentacle slaps you but does no damage. x2
You block the tentacle's attack.
A tentacle comes into view.
The tentacle slaps you but does no damage.
The tentacle barely misses you. You block the tentacle's attack.
The tentacle slaps you but does no damage. x2
The tentacle slaps you but does no damage.
The tentacle slaps you!
* * * LOW HITPOINT WARNING * * *
The tentacle slaps you!
You die...
Your body crumbles into a pile of gold.

########################
≈≈≈≈≈≈≈≈§§≈≈≈≈≈≈≈§≈§§≈≈≈
≈≈≈≈≈≈≈§w§≈≈≈≈≈≈≈≈§§§≈≈≈
≈≈≈≈≈≈≈@w§X≈≈≈≈≈≈≈§§§≈≈≈
≈≈≈≈≈≈≈≈w§w≈≈≈≈≈≈§§§§≈≈≈
≈≈≈≈≈≈≈§§§≈≈≈≈≈≈≈§≈§§≈≈≈
≈≈≈≈≈≈≈≈§≈≈≈≈≈≈≈≈≈§§≈≈≈≈
≈≈≈≈≈≈≈≈≈≈≈≈≈≈≈≈≈≈≈≈≈≈≈≈
≈≈≈≈≈≈≈≈≈≈≈≈≈≈≈≈≈≈≈≈≈≈≈≈
#≈≈≈≈≈≈≈≈≈≈≈≈≈≈≈≈≈≈≈≈≈≈≈≈≈≈≈≈≈≈≈
#≈≈≈≈≈≈≈≈≈≈≈≈≈≈≈≈≈≈≈≈≈≈≈≈≈≈≈≈≈≈≈
#≈≈≈≈≈≈≈≈≈≈≈≈≈≈≈≈≈≈≈≈≈≈≈≈≈≈≈≈≈≈≈


You could see 3 tentacles.

Vanquished Creatures
  Rupert (D:14)
  Gastronok (D:10)
  A sphinx (D:13)
  A fire giant (D:15)
  Donald (Orc:2)
  A stone giant (Orc:2)
  Snorg (Lair:6)
  2 ettins (D:15)
  Josephine (D:15)
  A merfolk impaler (Shoals:2)
  An ogre mage (D:15)
  2 catoblepae
  A centaur warrior (D:14)
  10 hydras
  A merfolk aquamancer (Shoals:1)
  11 death yaks
  A merfolk avatar (Shoals:2)
  A satyr (Shoals:2)
  5 orc high priests (Orc:2)
  Urug (Lair:4)
  2 tengu warriors
  Sonja (Lair:4)
  A fire crab (Lair:6)
  2 unseen horrors
  9 sea snakes
  A wizard (D:14)
  8 hill giants
  6 harpies (Shoals:1)
  Pikel (D:7)
  8 orc knights
  An ugly thing (D:13)
  4 deep elf magi
  2 cyclopes
  9 fauns (Shoals:2)
  7 manticores
  5 elephants (Lair:4)
  2 sirens (Shoals:2)
  Joseph (D:9)
  Maurice (D:9)
  Psyche (D:10)
  6 black mambas
  4 centaur skeletons
  A water nymph (Shoals:2)
  2 gargoyles
  18 spiny frogs
  3 rime drakes
  3 yaktaurs (D:15)
  An efreet (D:13)
  8 komodo dragons
  A redback zombie (D:15)
  2 kobold demonologists (D:12)
  A tengu conjurer (D:14)
  9 merfolk
  7 trolls
  2 polar bears
  A wind drake (Shoals:2)
  2 hornets
  Grinder (D:3)
  5 two-headed ogres
  4 tyrant leeches (Lair:6)
  3 snapping turtles
  5 slime creatures (D:12)
  14 blink frogs
  2 meliai zombies
  10 hippogriffs
  A hill giant zombie (D:9)
  2 redbacks (Lair:3)
  A tarantella (shapeshifter) (D:15)
  A spriggan (D:9)
  A vampire (D:12)
  4 water elementals (Shoals:1)
  5 wraiths
  3 wyverns
  4 basilisks
  35 yaks
  11 vampire mosquitoes
  6 hungry ghosts
  2 wargs (Orc:1)
  2 soldier ants
  6 porcupines
  13 water moccasins
  30 orc warriors
  A swamp drake (Orc:2)
  A black bear (D:8)
  5 sky beasts
  2 phantoms
  3 ice beasts
  2 eyes of draining
  A necrophage (D:7)
  14 centaurs
  14 ogres
  4 wolves (Lair:1)
  8 crocodiles
  3 big kobolds
  35 bullfrogs
  A gnoll sergeant (D:7)
  5 scorpions
  A wyvern skeleton (D:9)
  A troll zombie (D:9)
  14 killer bees
  3 howler monkeys
  5 wights (D:9)
  6 electric eels
  7 crimson imps
  3 bullfrog zombies
  A centaur zombie (D:10)
  A quasit (D:13)
  A gnoll shaman (D:9)
  5 jellies
  27 orc priests
  6 hounds
  17 orc wizards
  Crazy Yiuf (D:3)
  3 bullfrog skeletons
  An iron imp (Orc:2)
  5 iguanas
  Terence (D:2)
  7 worker ants
  A killer bee zombie (D:8)
  4 ogre zombies (D:9)
  2 hound skeletons
  A worker ant zombie (D:10)
  Robin (D:2)
  8 gnolls
  19 adders
  2 river rats
  7 shadow imps
  A white imp (Orc:2)
  5 oozes
  7 worms
  2 dart slugs
  6 leopard geckos
  80 orcs
  6 ball pythons
  7 giant cockroaches
  10 goblins
  11 hobgoblins
  3 jackals (D:7)
  8 bats
  4 frilled lizards
  5 goblin zombies (D:9)
  3 hobgoblin skeletons (D:9)
  A hobgoblin zombie (D:9)
  19 kobolds
  A leopard gecko zombie (D:6)
  An orc skeleton (D:9)
  9 orc zombies (D:9)
  A quokka skeleton (D:4)
  A quokka zombie (D:9)
  17 rats
  A plant (Lair:5)
  5 tentacles (Shoals:2)
833 creatures vanquished.

Vanquished Creatures (collateral kills)
  A storm dragon (D:15)
  A great orb of eyes (D:15)
  An orc knight (D:15)
  An orc sorcerer (D:15)
  A shadow (D:15)
  A bullfrog skeleton (D:13)
6 creatures vanquished.

Vanquished Creatures (others)
  A fire giant (D:15)
  An ettin (D:15)
  An ogre mage (D:15)
  Fannar (D:10)
  2 dancing weapons (D:14)
  A deep troll earth mage (D:15)
  A gargoyle (D:15)
  2 quokkas
  6 fungi
  41 plants (Lair:6)
  23 tentacles (Shoals:2)
80 creatures vanquished.

Grand Total: 919 creatures vanquished

Notes
Turn   | Place    | Note
-------+----------+-------------------------------------------
     0 | D:1      | theAP the Gargoyle Fighter began the quest for the Orb.
     0 | D:1      | Reached XP level 1. HP: 14/14 MP: 1/1
    60 | D:1      | Reached XP level 2. HP: 17/19 MP: 2/2
   310 | D:1      | Reached skill level 4 in Fighting
   310 | D:1      | Reached XP level 3. HP: 23/24 MP: 3/3
   703 | D:2      | Reached XP level 4. HP: 21/29 MP: 4/4
   827 | D:2      | Noticed Terence
   844 | D:2      | Killed Terence
   874 | D:2      | Noticed Robin
   887 | D:2      | Reached XP level 5. HP: 26/34 MP: 5/5
   903 | D:2      | Killed Robin
  1857 | D:3      | Noticed Grinder
  1867 | D:3      | Paralysed by Grinder for 6 turns
  1913 | D:3      | Killed Grinder
  1913 | D:3      | Reached skill level 5 in Fighting
  1913 | D:3      | Reached skill level 5 in Maces & Flails
  1913 | D:3      | Reached XP level 6. HP: 20/40 MP: 6/6
  2040 | D:3      | Found a runed door.
  2044 | D:3      | Noticed Crazy Yiuf
  2104 | D:3      | Killed Crazy Yiuf
  2318 | D:4      | Reached XP level 7. HP: 40/44 MP: 7/7
  2557 | D:4      | Reached skill level 6 in Fighting
  2620 | D:4      | Found a staircase to the Ecumenical Temple.
  2646 | Temple   | Entered the Ecumenical Temple
  2663 | Temple   | Became a worshipper of Gozag Ym Sagoz the Greedy
  2733 | D:4      | Found a glowing drain.
  2747 | Sewer    | Entered a sewer
  3348 | D:5      | Entered Level 5 of the Dungeon
  3352 | D:5      | Reached XP level 8. HP: 51/51 MP: 8/8
  3382 | D:5      | Found Ewes's Antique Weapon Boutique.
  3617 | D:5      | Found a shadowy altar of Dithmenos.
  3617 | D:5      | Found a glowing silver altar of Zin.
  3622 | D:5      | Found a faded altar of an unknown god.
  3624 | D:5      | Found a faded altar of an unknown god.
  3626 | D:5      | Found a stormy altar of Qazlal.
  4019 | D:6      | Reached skill level 7 in Fighting
  4359 | D:6      | Found Poetied's Elemental Accessories.
  4479 | D:6      | Reached XP level 9. HP: 57/57 MP: 9/9
  4774 | D:6      | Found a hazy altar of Hepliaklqana.
  4818 | D:7      | Found Gimp's Antique Weapon Shop.
  5040 | D:7      | Reached skill level 10 in Maces & Flails
  5047 | D:7      | Reached skill level 8 in Fighting
  5185 | D:7      | You fall through a shaft for 3 floors!
  5185 | D:10     | Entered Level 10 of the Dungeon
  5277 | D:9      | Noticed Maurice
  5342 | D:8      | Found a glowing golden altar of the Shining One.
  5652 | D:8      | Reached skill level 9 in Fighting
  5933 | D:8      | Reached XP level 10. HP: 66/66 MP: 10/10
  6196 | D:8      | Found a staircase to the Lair.
  6572 | D:7      | Noticed Pikel
  6584 | D:7      | Killed Pikel
  6871 | D:7      | Found a snail-covered altar of Cheibriados.
  7048 | Lair:1   | Entered Level 1 of the Lair of Beasts
  7210 | D:9      | Reached skill level 10 in Fighting
  7280 | D:9      | Found a staircase to the Orcish Mines.
  7282 | D:9      | Noticed Joseph
  7322 | D:9      | Killed Joseph
  7630 | D:9      | Found a shattered altar of Ashenzari.
  7815 | D:9      | Killed Maurice
  7815 | D:9      | Reached XP level 11. HP: 72/73 MP: 11/11
  8059 | D:9      | Found Weiraqam's Assorted Antiques.
  8774 | D:10     | Noticed Psyche
  8780 | D:10     | Paralysed by Psyche for 4 turns
  8790 | D:10     | Killed Psyche
  8790 | D:10     | Reached skill level 11 in Fighting
  9077 | D:10     | Noticed Gastronok
  9093 | D:10     | Killed Gastronok
  9135 | D:10     | Noticed a hill giant
  9141 | D:10     | Killed a hill giant
  9451 | D:10     | Identified Oroaw's Papyrus of Air and Self-Knowledge
  9451 | D:10     | Noticed Fannar
  9471 | D:10     | Killed Fannar
  9479 | D:10     | Gained mutation: You are weak. (Str -2) [potion of mutation]
  9479 | D:10     | Gained mutation: You are covered in fur. (AC +1) [potion of mutation]
  9479 | D:10     | Gained mutation: You are very weak. (Str -4) [potion of mutation]
  9480 | D:10     | Lost mutation: You are very weak. (Str -4) [potion of mutation]
  9480 | D:10     | Lost mutation: You are weak. (Str -2) [potion of mutation]
  9480 | D:10     | Gained mutation: You are somewhat resistant to further mutation. [potion of mutation]
  9707 | D:11     | Noticed a hill giant
  9713 | D:11     | Killed a hill giant
  9793 | D:11     | Reached XP level 12. HP: 81/81 MP: 12/12
  9881 | D:11     | Reached skill level 12 in Fighting
  9881 | D:11     | Reached skill level 15 in Maces & Flails
 10644 | D:12     | Found a white marble altar of Elyvilon.
 11055 | D:12     | Found Cituaz's Weapon Shop.
 11363 | D:13     | Noticed a sphinx
 11372 | D:13     | Killed a sphinx
 11416 | D:13     | Found Dothrol's Food Shoppe.
 11427 | D:13     | Bought 3 fruits for 49 gold pieces
 11427 | D:13     | Bought 4 fruits for 66 gold pieces
 11427 | D:13     | Bought a royal jelly for 22 gold pieces
 11455 | D:13     | Reached skill level 13 in Fighting
 11692 | D:13     | Noticed a catoblepas
 11703 | D:13     | Killed a catoblepas
 11926 | D:13     | Reached XP level 13. HP: 88/88 MP: 13/13
 13228 | D:14     | Found a gate to the Vaults.
 13329 | D:14     | Reached skill level 14 in Fighting
 13339 | D:14     | Noticed Rupert
 13350 | D:14     | Paralysed by Rupert for 5 turns
 13356 | D:14     | Killed Rupert
 13932 | D:8      | Bought a steaming buckler for 266 gold pieces
 13932 | D:8      | Bought a scroll of enchant weapon for 210 gold pieces
 13932 | D:8      | Bought a scroll of magic mapping for 98 gold pieces
 13949 | D:8      | Identified the +2 buckler "Gowoter" {Stlth+} (You bought it in a shop on level 8 of the Dungeon)
 14301 | Lair:1   | Gained mutation: Your large and strong wings let you fly indefinitely. [Gargoyle growth]
 14301 | Lair:1   | Reached XP level 14. HP: 90/96 MP: 14/14
 14687 | Lair:1   | You fall through a shaft!
 14703 | Lair:2   | Found a staircase to the Shoals.
 14787 | Lair:1   | Got a twisted chain mail
 14788 | Lair:1   | Identified the +5 chain mail "Curaorgh" {rF- rN+++ Dex+7} (You found it on level 1 of the Lair of Beasts)
 14808 | Lair:2   | Got a steaming bronze ring
 14845 | Lair:2   | Identified the ring of Bonar Moleu {Ice rN++ MR+ Slay+3} (You found it on level 2 of the Lair of Beasts)
 15698 | Lair:3   | Reached skill level 15 in Fighting
 15813 | Lair:3   | Found a hole to the Spider Nest.
 16357 | Lair:4   | Noticed Sonja
 16363 | Lair:4   | Killed Sonja
 16542 | Lair:4   | Noticed Urug
 16558 | Lair:4   | Killed Urug
 16558 | Lair:4   | Reached skill level 5 in Armour
 17692 | Lair:5   | Reached skill level 16 in Fighting
 18170 | Lair:5   | Found a staircase to the Slime Pits.
 18170 | Lair:5   | Found a viscous altar of Jiyva.
 18632 | Lair:6   | Entered Level 6 of the Lair of Beasts
 18848 | Lair:6   | Noticed Snorg
 18866 | Lair:6   | Killed Snorg
 18968 | Lair:6   | Reached XP level 15. HP: 76/105 MP: 15/15
 19065 | Lair:6   | Reached skill level 17 in Fighting
 19951 | Lair:6   | Identified the Reference Book on Curses and the Entourage
 20635 | Orc:1    | Entered Level 1 of the Orcish Mines
 21203 | Orc:2    | Entered Level 2 of the Orcish Mines
 21214 | Orc:2    | Noticed Donald
 21231 | Orc:2    | Killed Donald
 21231 | Orc:2    | Reached skill level 18 in Fighting
 21500 | Orc:2    | Found a staircase to the Elven Halls.
 22491 | Orc:2    | Reached skill level 10 in Armour
 23123 | Orc:2    | Found Qaokkini's Weapon Shop.
 23126 | Orc:2    | Found Killiug's General Store.
 23127 | Orc:2    | Found Wiziti's Assorted Antiques.
 23128 | Orc:2    | Found Decutan's Assorted Antiques.
 23132 | Orc:2    | Bought an ancient brass ring for 175 gold pieces
 23134 | Orc:2    | Identified the ring "Jigaul" {rC+ MR+ Int+2 Dex+3 Stlth+} (You bought it in a shop on level 2 of the Orcish Mines)
 23136 | Orc:2    | Bought a scroll of blinking for 105 gold pieces
 23136 | Orc:2    | Bought 2 potions of curing for 84 gold pieces
 23136 | Orc:2    | Bought a scroll of enchant armour for 105 gold pieces
 23140 | Orc:2    | Bought a potion of haste for 280 gold pieces
 23286 | Orc:2    | Bought a pair of embroidered gloves for 283 gold pieces
 23286 | Orc:2    | Bought a scroll labeled HARIBLUISO for 27 gold pieces
 23540 | D:14     | Reached XP level 16. HP: 116/116 MP: 16/16
 23553 | D:15     | Entered Level 15 of the Dungeon
 23557 | D:15     | Noticed Josephine
 23569 | D:15     | Killed Josephine
 23676 | D:15     | Reached skill level 19 in Fighting
 23866 | D:15     | Found a staircase to the Depths.
 24064 | D:15     | Found a huge runed gate.
 24064 | D:15     | Found a huge runed gate.
 24065 | D:15     | Found a huge runed gate.
 24066 | D:15     | Found a huge runed gate.
 24067 | D:15     | Found a huge runed gate.
 24068 | D:15     | Found a huge runed gate.
 24346 | D:15     | Found a huge runed gate.
 24346 | D:15     | Found a huge runed gate.
 24346 | D:15     | Found a huge runed gate.
 24346 | D:15     | Found a huge runed gate.
 24346 | D:15     | Found a huge runed gate.
 24398 | D:15     | Found a huge runed gate.
 24407 | D:15     | Found a huge runed gate.
 24407 | D:15     | Found a huge runed gate.
 24407 | D:15     | Found a huge runed gate.
 24414 | D:15     | Found a huge runed gate.
 24415 | D:15     | Found a huge runed gate.
 24433 | D:15     | Found a huge runed gate.
 24435 | D:15     | Found a huge runed gate.
 24435 | D:15     | Found a huge runed gate.
 24435 | D:15     | Found a huge runed gate.
 24435 | D:15     | Found a huge runed gate.
 24435 | D:15     | Found a huge runed gate.
 24435 | D:15     | Found a huge runed gate.
 24435 | D:15     | Found a huge runed gate.
 24649 | D:15     | Noticed a sphinx
 24649 | D:15     | Noticed a sphinx
 24649 | D:15     | Noticed a storm dragon
 24656 | D:15     | Noticed a sphinx
 24661 | D:15     | Killed a storm dragon
 25030 | Shoals:1 | Entered Level 1 of the Shoals
 25040 | Shoals:1 | Identified a scroll of acquirement
 25375 | Shoals:1 | Found Bemn's Gadget Shoppe.
 26259 | Shoals:2 | Reached skill level 20 in Fighting
 26882 | Shoals:2 | Noticed a kraken
 27603 | Shoals:2 | Slain by a tentacle

Skill      XL: |  1  2  3  4  5  6  7  8  9 10 11 12 13 14 15 16 |
---------------+-------------------------------------------------+-----
Fighting       | 4 5 6 7 9 10 11 13 14 16 18 20 | 20.3
Maces & Flails | 3 5 7 9 11 13 14 16 18 | 18.4
Armour         | 7 10 12 | 12.0
Shields        | 4 |  4.1

Action                   |  1- 3 |  4- 6 |  7- 9 | 10-12 | 13-15 | 16-18 || total
-------------------------+-------+-------+-------+-------+-------+-------++-------
Melee: Flail             |   109 |    90 |   394 |   730 |  1124 |   336 ||  2783
       Whip              |       |   219 |    23 |       |       |       ||   242
       Eveningstar       |       |       |       |       |       |    84 ||    84
Invok: Call Merchant     |       |       |       |       |     3 |       ||     3
       Potion Petition   |       |       |       |       |     2 |       ||     2
       Bribe Branch      |       |       |       |       |       |     1 ||     1
 Abil: Fly               |       |       |       |       |     1 |       ||     1
Evoke: Wand              |       |       |       |     3 |    10 |     6 ||    19
  Use: Scroll            |     2 |    11 |    13 |    11 |    14 |     7 ||    58
       Potion            |       |     3 |     2 |     3 |     7 |     4 ||    19
 Stab: Distracted        |       |       |     1 |     1 |     9 |     2 ||    13
       Sleeping          |       |       |       |       |       |     1 ||     1
  Eat: Chunk             |       |     4 |     1 |       |       |       ||     5
       Beef jerky        |       |     1 |     2 |     1 |       |     1 ||     5
       Bread ration      |       |       |     2 |     1 |     4 |     1 ||     8
       Pizza             |       |       |     1 |     2 |     1 |       ||     4
       Meat ration       |       |       |       |     2 |     1 |     1 ||     4
       Royal jelly       |       |       |       |     1 |     2 |       ||     3
       Fruit             |       |       |       |     3 |    17 |       ||    20
Armor: Scale mail        |    64 |   133 |    22 |       |       |       ||   219
       Chain mail        |       |       |    88 |       |       |       ||    88
       Plate armour      |       |       |   112 |    37 |       |       ||   149
       Pearl dragon scal |       |       |       |   292 |   580 |   358 ||  1230
Dodge: Dodged            |    51 |    92 |    70 |   129 |   274 |   151 ||   767
Block: Shield            |    53 |   152 |   173 |   269 |    61 |       ||   708
       Buckler           |       |       |       |       |   226 |   133 ||   359
